[ PARTIDA AOE2 · #495959597 ]
UnrankedEspañoles vs Mapuche
Equipo del jugador · VICT
Equipo rival · DERR
[ ANÁLISIS DE REPETICIÓN · EXTRAÍDO DE LA PARTIDA GRABADA ]
Feudal
9:17
Castillos
24:51
Imperial
37:25
| APM promedio | 48.4 |
| APM pico | 113 |
| eAPM promedio | 22.4 |
| Aldeanos / militares | 121 / 62 |
Foco
⚔️ 49.7% · 🌾 50.3%
Conquistador ×26 · Scout Cavalry ×22 · Mangonel ×6 · Missionary ×5 · Trebuchet (Packed) ×2 · Knight ×1
Feudal
8:53
Castillos
24:20
Imperial
—
| APM promedio | 49.1 |
| APM pico | 104 |
| eAPM promedio | 20.2 |
| Aldeanos / militares | 121 / 45 |
Foco
⚔️ 36.7% · 🌾 63.3%
Bolas Rider ×37 · Unknown (2550) ×36 · Spearman ×8
Mapa de la partida
Recursos iniciales + cada clic de construcción. Líneas = muros · curvas = relieve. ◆ oro · ⬟ piedra · ● bayas · ✦ reliquia · ◌ hueco del cierre
Tu base· ✓ Cerrada en 24:51 · 78t muro · 2 puerta(s)
Base de JoJo_Baum· ✓ Cerrada en 24:20 · 84t muro · 2 puerta(s)
Terreno inicial suavizado · ◌ = hueco del cierre detectado · pasá el cursor para detalles
Inputs por minuto
— wakuku - - JoJo_Baum
Build order — wakuku
Primeras 150 de 359 acciones detectadas
| 0:00 | Encolar | Villager (Male) |
| 0:01 | Encolar | Villager (Male) |
| 0:01 | Encolar | Villager (Male) |
| 0:01 | Encolar | Villager (Male) |
| 0:02 | Encolar | Villager (Male) |
| 0:03 | Construir | House |
| 0:05 | Construir | House |
| 1:27 | Encolar | Villager (Male) |
| 1:28 | Encolar | Villager (Male) |
| 2:04 | Encolar | Villager (Male) |
| 2:04 | Encolar | Villager (Male) |
| 2:08 | Construir | Mill |
| 2:26 | Encolar | Villager (Male) |
| 2:26 | Encolar | Villager (Male) |
| 2:56 | Encolar | Villager (Male) |
| 2:56 | Encolar | Villager (Male) |
| 2:56 | Encolar | Villager (Male) |
| 2:59 | Encolar | Villager (Male) |
| 3:00 | Encolar | Villager (Male) |
| 3:35 | Encolar | Villager (Male) |
| 3:35 | Encolar | Villager (Male) |
| 3:42 | Construir | House |
| 3:51 | Encolar | Villager (Male) |
| 3:52 | Encolar | Villager (Male) |
| 4:30 | Encolar | Villager (Male) |
| 4:30 | Encolar | Villager (Male) |
| 4:31 | Encolar | Villager (Male) |
| 4:46 | Encolar | Villager (Male) |
| 4:46 | Encolar | Villager (Male) |
| 5:07 | Construir | Lumber Camp |
| 5:10 | Encolar | Villager (Male) |
| 5:10 | Encolar | Villager (Male) |
| 5:39 | Encolar | Villager (Male) |
| 5:40 | Encolar | Villager (Male) |
| 5:40 | Encolar | Villager (Male) |
| 5:48 | Construir | Palisade Wall |
| 5:55 | Encolar | Villager (Male) |
| 5:55 | Encolar | Villager (Male) |
| 6:27 | Investigar | Loom |
| 7:07 | Investigar | Feudal Age |
| 8:05 | Construir | Barracks |
| 9:02 | Encolar | Villager (Male) |
| 9:17 | Edad | Edad Feudal |
| 9:21 | Investigar | Wheelbarrow |
| 9:31 | Construir | Stable |
| 9:32 | Encolar | Villager (Male) |
| 9:37 | Construir | House |
| 9:44 | Investigar | Double-Bit Axe |
| 10:03 | Construir | House |
| 10:06 | Encolar | Scout Cavalry |
| 10:06 | Encolar | Scout Cavalry |
| 10:06 | Encolar | Scout Cavalry |
| 10:07 | Encolar | Scout Cavalry |
| 10:25 | Construir | Mill |
| 10:30 | Construir | Mill |
| 10:42 | Encolar | Villager (Male) |
| 10:57 | Construir | Farm |
| 11:13 | Encolar | Villager (Male) |
| 11:24 | Construir | Archery Range |
| 11:36 | Construir | Farm |
| 11:38 | Encolar | Scout Cavalry |
| 11:50 | Encolar | Villager (Male) |
| 11:51 | Construir | Farm |
| 11:58 | Construir | House |
| 12:00 | Construir | House |
| 12:04 | Construir | Farm |
| 12:14 | Construir | Farm |
| 12:15 | Construir | Farm |
| 12:23 | Construir | Farm |
| 12:34 | Encolar | Villager (Male) |
| 12:35 | Encolar | Villager (Male) |
| 12:53 | Encolar | Scout Cavalry |
| 13:06 | Construir | Farm |
| 13:18 | Encolar | Villager (Male) |
| 13:19 | Encolar | Villager (Male) |
| 13:20 | Construir | Farm |
| 13:28 | Encolar | Villager (Male) |
| 13:28 | Encolar | Villager (Male) |
| 13:44 | Encolar | Villager (Male) |
| 13:44 | Encolar | Villager (Male) |
| 13:46 | Construir | Blacksmith |
| 14:09 | Encolar | Scout Cavalry |
| 14:12 | Encolar | Villager (Male) |
| 14:12 | Encolar | Villager (Male) |
| 14:14 | Construir | Farm |
| 14:28 | Construir | Farm |
| 14:33 | Encolar | Scout Cavalry |
| 14:34 | Encolar | Scout Cavalry |
| 14:49 | Construir | Farm |
| 14:52 | Encolar | Villager (Male) |
| 14:54 | Construir | Farm |
| 14:56 | Construir | Farm |
| 14:57 | Construir | Farm |
| 15:05 | Encolar | Scout Cavalry |
| 15:09 | Encolar | Villager (Male) |
| 15:19 | Construir | House |
| 15:27 | Encolar | Scout Cavalry |
| 15:36 | Construir | House |
| 15:38 | Encolar | Villager (Male) |
| 15:39 | Encolar | Villager (Male) |
| 15:45 | Investigar | Horse Collar |
| 15:46 | Encolar | Villager (Male) |
| 15:49 | Construir | House |
| 15:55 | Construir | Palisade Wall |
| 15:57 | Construir | Palisade Wall |
| 16:04 | Construir | Palisade Wall |
| 16:06 | Construir | Palisade Wall |
| 16:09 | Construir | Palisade Wall |
| 16:14 | Encolar | Villager (Male) |
| 16:15 | Encolar | Scout Cavalry |
| 16:15 | Encolar | Scout Cavalry |
| 16:16 | Encolar | Scout Cavalry |
| 16:20 | Encolar | Villager (Male) |
| 16:28 | Construir | Farm |
| 16:33 | Encolar | Scout Cavalry |
| 16:35 | Encolar | Villager (Male) |
| 16:52 | Encolar | Villager (Male) |
| 16:54 | Construir | House |
| 16:56 | Construir | House |
| 16:58 | Encolar | Scout Cavalry |
| 17:12 | Investigar | Forging |
| 17:12 | Investigar | Forging |
| 17:29 | Encolar | Villager (Male) |
| 17:32 | Encolar | Villager (Male) |
| 17:35 | Investigar | Bloodlines |
| 17:35 | Investigar | Bloodlines |
| 17:43 | Construir | Mining Camp |
| 17:48 | Construir | House |
| 17:51 | Construir | Palisade Gate |
| 17:52 | Construir | Palisade Wall |
| 17:54 | Construir | House |
| 18:07 | Encolar | Scout Cavalry |
| 18:16 | Encolar | Scout Cavalry |
| 18:19 | Encolar | Villager (Male) |
| 18:29 | Construir | Farm |
| 18:36 | Encolar | Villager (Male) |
| 18:36 | Encolar | Villager (Male) |
| 18:42 | Construir | Farm |
| 18:44 | Construir | Farm |
| 18:52 | Encolar | Scout Cavalry |
| 18:56 | Encolar | Scout Cavalry |
| 19:04 | Construir | House |
| 19:11 | Encolar | Scout Cavalry |
| 19:26 | Encolar | Villager (Male) |
| 19:26 | Encolar | Villager (Male) |
| 19:26 | Encolar | Villager (Male) |
| 19:30 | Construir | Lumber Camp |
| 19:42 | Construir | Farm |
| 19:47 | Encolar | Villager (Male) |
| 20:03 | Construir | House |
Build order — JoJo_Baum
Primeras 150 de 300 acciones detectadas
| 0:00 | Encolar | Villager (Male) ×4 |
| 0:00 | Encolar | Villager (Male) ×4 |
| 0:02 | Construir | House |
| 0:03 | Construir | House |
| 1:27 | Encolar | Villager (Male) |
| 1:27 | Encolar | Villager (Male) |
| 2:02 | Encolar | Villager (Male) |
| 2:02 | Encolar | Villager (Male) |
| 2:15 | Construir | Settlement |
| 2:15 | Encolar | Villager (Male) |
| 2:16 | Encolar | Villager (Male) |
| 2:47 | Encolar | Villager (Male) |
| 2:47 | Encolar | Villager (Male) |
| 3:02 | Encolar | Villager (Male) |
| 3:02 | Encolar | Villager (Male) |
| 3:34 | Encolar | Villager (Male) |
| 3:35 | Encolar | Villager (Male) |
| 3:52 | Encolar | Villager (Male) |
| 3:52 | Encolar | Villager (Male) |
| 4:14 | Encolar | Villager (Male) |
| 4:14 | Encolar | Villager (Male) |
| 4:37 | Encolar | Villager (Male) |
| 4:38 | Encolar | Villager (Male) |
| 5:28 | Encolar | Villager (Male) |
| 5:28 | Encolar | Villager (Male) |
| 5:28 | Encolar | Villager (Male) |
| 5:28 | Encolar | Villager (Male) |
| 5:55 | Construir | Settlement |
| 6:12 | Investigar | Loom |
| 6:43 | Investigar | Feudal Age |
| 6:44 | Investigar | Feudal Age |
| 7:16 | Construir | Barracks |
| 7:35 | Encolar | Villager (Male) |
| 8:08 | Encolar | Unit 2550 |
| 8:08 | Encolar | Unit 2550 |
| 8:53 | Edad | Edad Feudal |
| 8:55 | Construir | Barracks |
| 9:08 | Encolar | Villager (Male) |
| 9:18 | Investigar | Tech 1402 |
| 9:30 | Investigar | Double-Bit Axe |
| 9:31 | Encolar | Villager (Male) |
| 9:55 | Construir | House |
| 9:59 | Encolar | Villager (Male) |
| 10:00 | Encolar | Unit 2550 |
| 10:00 | Encolar | Unit 2550 |
| 10:22 | Construir | Farm |
| 10:29 | Construir | Palisade Wall |
| 10:38 | Encolar | Villager (Male) |
| 10:39 | Encolar | Unit 2550 |
| 10:40 | Encolar | Unit 2550 |
| 10:50 | Construir | House |
| 11:07 | Construir | Settlement |
| 11:11 | Construir | Palisade Wall |
| 11:13 | Construir | Palisade Wall |
| 11:20 | Construir | Farm |
| 11:32 | Encolar | Villager (Male) |
| 11:33 | Encolar | Villager (Male) |
| 11:45 | Construir | Farm |
| 11:48 | Construir | Farm |
| 11:57 | Encolar | Villager (Male) |
| 11:57 | Encolar | Villager (Male) |
| 12:12 | Construir | Farm |
| 12:14 | Construir | Farm |
| 12:21 | Construir | Farm |
| 12:27 | Encolar | Villager (Male) |
| 12:27 | Encolar | Villager (Male) |
| 12:54 | Encolar | Villager (Male) |
| 12:55 | Encolar | Villager (Male) |
| 12:56 | Construir | Farm |
| 13:15 | Encolar | Villager (Male) |
| 13:17 | Construir | Farm |
| 13:18 | Encolar | Unit 2550 |
| 13:18 | Encolar | Unit 2550 |
| 13:27 | Encolar | Villager (Male) |
| 13:30 | Construir | Farm |
| 13:33 | Construir | Farm |
| 13:55 | Encolar | Villager (Male) |
| 14:10 | Encolar | Villager (Male) |
| 14:12 | Encolar | Unit 2550 |
| 14:12 | Encolar | Unit 2550 |
| 14:12 | Encolar | Unit 2550 |
| 14:18 | Construir | Palisade Wall |
| 14:22 | Construir | Palisade Wall |
| 14:45 | Encolar | Villager (Male) |
| 14:46 | Encolar | Unit 2550 |
| 14:47 | Encolar | Unit 2550 |
| 14:50 | Construir | Farm |
| 14:51 | Construir | Farm |
| 14:54 | Construir | Farm |
| 14:58 | Construir | House |
| 14:59 | Construir | House |
| 15:03 | Construir | Farm |
| 15:08 | Encolar | Villager (Male) |
| 15:21 | Encolar | Unit 2550 |
| 15:21 | Encolar | Unit 2550 |
| 15:25 | Construir | House |
| 15:34 | Construir | Palisade Wall |
| 15:35 | Encolar | Villager (Male) |
| 15:37 | Encolar | Unit 2550 |
| 15:38 | Encolar | Unit 2550 |
| 15:41 | Construir | Blacksmith |
| 15:46 | Construir | Palisade Wall |
| 15:47 | Construir | Palisade Wall |
| 15:50 | Encolar | Unit 2550 |
| 16:11 | Encolar | Villager (Male) |
| 16:19 | Construir | Farm |
| 16:22 | Encolar | Unit 2550 |
| 16:22 | Encolar | Unit 2550 |
| 16:27 | Construir | House |
| 16:28 | Investigar | Scale Mail Armor |
| 16:34 | Encolar | Villager (Male) |
| 16:35 | Encolar | Unit 2550 |
| 16:35 | Encolar | Unit 2550 |
| 16:44 | Construir | Palisade Gate |
| 16:46 | Construir | Palisade Wall |
| 16:47 | Construir | Palisade Wall |
| 16:50 | Construir | House |
| 16:51 | Construir | Farm |
| 16:51 | Encolar | Villager (Male) |
| 16:55 | Encolar | Villager (Male) |
| 17:00 | Encolar | Unit 2550 |
| 17:30 | Encolar | Villager (Male) |
| 17:37 | Investigar | Forging |
| 17:37 | Investigar | Forging |
| 17:39 | Encolar | Unit 2550 |
| 17:39 | Encolar | Unit 2550 |
| 17:47 | Construir | Palisade Wall |
| 17:52 | Construir | Palisade Wall |
| 17:53 | Encolar | Villager (Male) |
| 17:55 | Encolar | Unit 2550 |
| 18:15 | Encolar | Villager (Male) |
| 18:17 | Encolar | Unit 2550 |
| 18:17 | Encolar | Unit 2550 |
| 18:30 | Construir | House |
| 18:34 | Construir | Palisade Wall |
| 18:38 | Encolar | Villager (Male) |
| 18:41 | Encolar | Unit 2550 |
| 18:41 | Encolar | Unit 2550 |
| 18:45 | Construir | Farm |
| 18:46 | Construir | Farm |
| 18:48 | Construir | Farm |
| 18:59 | Construir | Farm |
| 19:00 | Investigar | Horse Collar |
| 19:04 | Encolar | Villager (Male) |
| 19:06 | Encolar | Unit 2550 |
| 19:06 | Encolar | Unit 2550 |
| 19:19 | Construir | Farm |
| 19:23 | Encolar | Unit 2550 |
| 19:23 | Encolar | Unit 2550 |
| 19:28 | Construir | Palisade Gate |
Cronología de la partida
| 5:48 | wakuku · wall_segment Palisade Wall x1 |
| 7:16 | JoJo_Baum · first_building Barracks |
| 8:05 | wakuku · first_building Barracks |
| 8:53 | JoJo_Baum · age_up feudal |
| 9:17 | wakuku · age_up feudal |
| 9:31 | wakuku · first_building Stable |
| 10:29 | JoJo_Baum · wall_segment Palisade Wall x18 |
| 11:11 | JoJo_Baum · wall_segment Palisade Wall x1 |
| 11:13 | JoJo_Baum · wall_segment Palisade Wall x1 |
| 11:24 | wakuku · first_building Archery Range |
| 14:18 | JoJo_Baum · wall_segment Palisade Wall x1 |
| 14:22 | JoJo_Baum · wall_segment Palisade Wall x12 |
| 15:34 | JoJo_Baum · wall_segment Palisade Wall x2 |
| 15:46 | JoJo_Baum · wall_segment Palisade Wall x2 |
| 15:47 | JoJo_Baum · wall_segment Palisade Wall x1 |
| 15:55 | wakuku · wall_segment Palisade Wall x6 |
| 15:57 | wakuku · wall_segment Palisade Wall x15 |
| 16:04 | wakuku · wall_segment Palisade Wall x7 |
| 16:06 | wakuku · wall_segment Palisade Wall x9 |
| 16:09 | wakuku · wall_segment Palisade Wall x5 |
| 16:46 | JoJo_Baum · wall_segment Palisade Wall x1 |
| 16:47 | JoJo_Baum · wall_segment Palisade Wall x1 |
| 17:47 | JoJo_Baum · wall_segment Palisade Wall x5 |
| 17:52 | JoJo_Baum · wall_segment Palisade Wall x5 |
| 17:52 | wakuku · wall_segment Palisade Wall x2 |
| 18:34 | JoJo_Baum · wall_segment Palisade Wall x5 |
| 20:16 | JoJo_Baum · wall_segment Palisade Wall x7 |
| 20:50 | wakuku · wall_segment Stone Wall x8 |
| 20:53 | wakuku · wall_segment Stone Wall x6 |
| 21:23 | wakuku · wall_segment Stone Wall x1 |
| 21:29 | wakuku · wall_segment Stone Wall x1 |
| 21:48 | wakuku · wall_segment Stone Wall x1 |
| 21:49 | wakuku · wall_segment Stone Wall x1 |
| 21:51 | wakuku · wall_segment Stone Wall x1 |
| 21:55 | wakuku · wall_segment Stone Wall x1 |
| 21:57 | wakuku · wall_segment Stone Wall x1 |
| 22:00 | wakuku · wall_segment Stone Wall x1 |
| 22:15 | wakuku · wall_segment Stone Wall x1 |
| 22:16 | wakuku · wall_segment Stone Wall x1 |
| 22:19 | wakuku · wall_segment Stone Wall x1 |
| 22:20 | wakuku · wall_segment Stone Wall x1 |
| 22:25 | JoJo_Baum · wall_segment Palisade Wall x1 |
| 22:49 | JoJo_Baum · wall_segment Palisade Wall x6 |
| 22:52 | JoJo_Baum · wall_segment Palisade Wall x8 |
| 22:54 | wakuku · wall_segment Stone Wall x1 |
| 22:55 | wakuku · wall_segment Stone Wall x1 |
| 22:58 | JoJo_Baum · wall_segment Palisade Wall x4 |
| 23:04 | JoJo_Baum · wall_segment Palisade Wall x1 |
| 23:08 | JoJo_Baum · wall_segment Palisade Wall x5 |
| 23:39 | wakuku · wall_segment Stone Wall x1 |
| 24:20 | JoJo_Baum · age_up castle |
| 24:32 | wakuku · wall_segment Stone Wall x2 |
| 24:34 | wakuku · wall_segment Stone Wall x5 |
| 24:47 | wakuku · wall_segment Stone Wall x1 |
| 24:48 | wakuku · wall_segment Stone Wall x1 |
| 24:51 | wakuku · age_up castle |
| 24:57 | wakuku · wall_segment Stone Wall x1 |
| 24:58 | wakuku · wall_segment Stone Wall x1 |
| 25:00 | wakuku · wall_segment Stone Wall x1 |
| 25:02 | wakuku · wall_segment Stone Wall x1 |
| 25:09 | wakuku · wall_segment Stone Wall x1 |
| 25:10 | wakuku · wall_segment Stone Wall x1 |
| 25:12 | wakuku · wall_segment Stone Wall x1 |
| 25:16 | JoJo_Baum · first_market_sell 100 stone |
| 25:18 | JoJo_Baum · first_market_buy 100 wood |
| 25:25 | wakuku · wall_segment Stone Wall x3 |
| 25:29 | wakuku · wall_segment Stone Wall x1 |
| 25:30 | wakuku · wall_segment Stone Wall x1 |
| 25:32 | wakuku · wall_segment Stone Wall x1 |
| 25:33 | wakuku · wall_segment Stone Wall x1 |
| 25:34 | wakuku · wall_segment Stone Wall x1 |
| 25:35 | wakuku · wall_segment Stone Wall x1 |
| 25:47 | wakuku · wall_segment Stone Wall x1 |
| 25:51 | wakuku · wall_segment Stone Wall x1 |
| 25:53 | wakuku · wall_segment Stone Wall x1 |
| 25:58 | wakuku · wall_segment Stone Wall x1 |
| 26:01 | wakuku · wall_segment Stone Wall x1 |
| 26:07 | wakuku · wall_segment Stone Wall x1 |
| 26:10 | wakuku · wall_segment Stone Wall x1 |
| 26:12 | wakuku · wall_segment Stone Wall x1 |
| 26:25 | wakuku · wall_segment Stone Wall x1 |
| 26:26 | wakuku · wall_segment Stone Wall x1 |
| 26:27 | wakuku · wall_segment Stone Wall x1 |
| 26:28 | wakuku · wall_segment Stone Wall x1 |
| 26:59 | wakuku · first_building Castle |
| 27:10 | wakuku · first_building Monastery |
| 28:14 | JoJo_Baum · first_building Archery Range |
| 28:44 | wakuku · wall_segment Stone Wall x6 |
| 32:39 | wakuku · first_building Siege Workshop |
| 36:26 | JoJo_Baum · first_building Castle |
| 36:51 | JoJo_Baum · wall_segment Stone Wall x1 |
| 36:54 | JoJo_Baum · wall_segment Stone Wall x1 |
| 36:56 | JoJo_Baum · wall_segment Stone Wall x4 |
| 37:25 | wakuku · age_up imperial |
| 37:45 | JoJo_Baum · resign |
[ ANÁLISIS IA · 1 CRÉDITO ]
¿Qué pasó realmente en esta partida?
Wolo.gg analiza cada decisión: build order, eco, micro, errores típicos por bracket. Análisis personalizado por WhatsApp o Discord en 30 segundos.
Guía civ
Españoles
Perfil
Jugador #8640528